Map: Cerulean Fall LE

Players

QuipQuop

  • Race: Terran Terran
  • League: Diamond
  • Spawn Location: 1:00

yuki - Winner!

  • Race: Protoss Protoss
  • League: Platinum
  • Spawn Location: 7:00

VOD

Have the link to the VOD?

Description

I am the protoss

Time

  • Played on: Sept. 1, 2018, 2:16 p.m.
  • Length: 19:33
Show
View Real Time Build Order
Export as new Build Order

QuipQuop Terran 

Build Orders: MMM Bio 

Get SALT Encoding   

  12  0:01  SCV  
  13  0:13  SCV  
  14  0:17  Supply Depot  
  14  0:25  SCV  
  15  0:33  Refinery  
  15  0:39  SCV  
  16  0:46  Barracks  
  16  0:51  SCV  
  17  1:03  SCV  
  18  1:15  SCV  
  20  1:33  Reaper  
  20  1:36  Orbital Command  
  20  1:45  Command Center  
  20  1:59  Refinery  
  20  2:03  SCV  
  21  2:09  Barracks Reactor  
  21  2:12  Factory  
  21  2:15  SCV  
  22  2:22  Supply Depot  
  22  2:27  SCV  
  23  2:44  SCV  
  24  2:48  Marine x2  
  26  2:56  Orbital Command, SCV  
  27  3:05  Starport, Widow Mine  
  29  3:08  SCV  
  29  3:12  Engineering Bay  
  29  3:16  Marine x2  
  31  3:20  SCV  
  31  3:26  SCV  
  33  3:29  Widow Mine  
  33  3:32  SCV  
  36  3:44  SCV x2  
  36  3:46  Medivac  
  40  3:50  Widow Mine  
  42  3:56  SCV x2  
  42  3:59  Marine x2  
  42  4:02  Terran Infantry Weapons Level 1  
  46  4:06  Missile Turret x2  
  46  4:23  Refinery  
  46  4:24  Factory Tech Lab  
  46  4:25  Starport Tech Lab  
  46  4:39  Supply Depot  
  46  5:00  SCV x2, Marine x2  
  46  5:03  Supply Depot  
  50  5:09  Siege Tank, Barracks  
  50  5:10  Barracks  
  50  5:12  SCV  
  50  5:13  Starport Reactor  
  54  5:18  Supply Depot  
  54  5:24  SCV x2, Marine  
  57  5:36  SCV  
  57  5:37  SCV  
  59  5:44  Marine  
  59  5:45  Marine  
  59  5:49  Supply Depot, SCV  
  65  5:51  Medivac x2  
  65  5:56  Supply Depot  
  65  5:57  Terran Infantry Armor Level 1  
  66  6:06  Marine x2  
  66  6:08  SCV x2  
  66  6:10  Factory Tech Lab  
  70  6:14  Command Center  
  70  6:15  Stimpack, Combat Shield  
  70  6:16  Marauder x2  
  74  6:20  SCV x2  
  74  6:22  Refinery  
  74  6:24  Barracks  
  76  6:27  Medivac  
  76  6:28  Marine x2, Medivac  
  76  6:29  Siege Tank  
  85  6:35  Supply Depot  
  85  6:36  Supply Depot  
  85  6:46  Marine  
  86  6:50  Supply Depot  
  86  6:57  Marauder x2, SCV x2  
  86  6:58  Marine  
  86  6:59  Medivac x2  
  97  7:04  Siege Tank, Marine  
  101  7:13  Engineering Bay  
  101  7:16  Marine  
  101  7:17  Armory, Barracks Reactor  
  101  7:18  Marauder x2  
  106  7:24  Supply Depot  
  106  7:29  SCV x2  
  108  7:41  SCV  
  108  7:42  Marine  
  108  7:43  Marauder, Marine x2  
  114  7:45  Siege Tank  
  114  7:49  Concussive Shells  
  117  7:53  Orbital Command  
  117  7:55  SCV x2  
  117  8:00  Marine  
  117  8:01  Marauder, Marine  
  117  8:02  Marine  
  117  8:05  Marauder, Medivac  
  124  8:07  SCV  
  124  8:10  Terran Infantry Armor Level 2  
  127  8:16  SCV  
  127  8:19  SCV  
  129  8:22  Marauder  
  122  8:28  SCV  
  122  8:29  Marine x4  
  122  8:30  Marauder  
  108  8:40  SCV x3  
  108  8:43  Siege Tank, Medivac  
  108  8:44  Marauder  
  108  8:47  Marine x4  
  114  8:51  Marauder  
  114  8:52  SCV  
  95  9:04  SCV x2  
  95  9:05  Marauder, SCV, Marine x4  
  104  9:12  Marauder  
  104  9:15  Medivac  
  104  9:16  SCV  
  104  9:17  SCV  
  102  9:22  Marine  
  102  9:23  Marine x2  
  93  9:27  Marauder  
  93  9:29  SCV x3  
  98  9:31  Terran Infantry Weapons Level 2  
  98  9:34  Marauder  
  100  9:41  SCV x2  
  100  9:42  SCV  
  100  9:43  Marine x4  
  107  9:47  Siege Tank  
  107  9:48  Marauder  
  112  9:53  SCV  
  112  9:55  Marine  
  112  9:59  Medivac  
  116  10:01  SCV x2, Marine x4  
  116  10:05  SCV  
  123  10:09  Marauder  
  123  10:13  Marauder  
  125  10:26  Refinery  
  125  10:27  Marine  
  125  10:28  Factory, Marine x3  
  126  10:31  Marauder  
  126  10:33  Terran Infantry Armor Level 3  
  126  10:34  Marauder  
  127  10:45  Marine x2  
  127  10:47  Marine x2  
  129  10:50  Siege Tank  
  129  10:52  Marauder  
  129  10:54  Refinery  
  129  10:56  Marauder  
  129  10:57  Liberator x2  
  121  10:58  Supply Depot  
  121  11:02  SCV x3  
  121  11:03  Marine  
  120  11:14  Marauder, Factory Tech Lab  
  120  11:17  Marauder, SCV x2, Terran Vehicle Weapons Level 1  
  120  11:18  SCV  
  133  11:21  Supply Depot  
  133  11:22  Command Center  
  133  11:23  Marine x2  
  133  11:24  Siege Tank  
  138  11:28  Marine x2  
  138  11:29  SCV  
  141  11:40  Supply Depot  
  141  11:42  Supply Depot  
  141  11:43  Marauder x2, Supply Depot, SCV x2  
  147  11:48  SCV  
  147  11:49  Marine  
  149  12:02  Siege Tank, SCV, Marine x3  
  149  12:04  Marauder, Marine  
  157  12:23  Marauder, Marine x4  
  157  12:26  Marauder, Liberator  
  157  12:27  Liberator  
  165  12:33  Command Center  
  165  12:41  Marine x2  
  173  12:45  Marauder, Siege Tank x2  
  173  12:47  Marauder  
  177  13:08  Refinery  
  177  13:11  Marine x2  
  177  13:12  Marauder x2, Marine x2  
  185  13:13  Refinery, Terran Infantry Weapons Level 3  
  185  13:16  Orbital Command  
  185  13:21  Siege Tank  
  188  13:34  Supply Depot  
  188  13:38  Fusion Core  
  188  13:39  Starport  
  188  13:41  Terran Vehicle And Ship Armor Level 1  
  188  13:44  Marine  
  188  13:45  Marauder x2  
  189  13:58  Orbital Command  
  189  14:02  Marine x2  
  154  14:03  Marine x2  
  154  14:04  Siege Tank x2  
  154  14:06  Marauder x2  
  143  14:15  Medivac x2  
  143  14:20  Marine  
  141  14:27  Marauder  
  143  14:32  Marauder, Marine x3  
  143  14:37  Starport Tech Lab, Liberator x2  
  143  14:38  Marine  
  149  14:42  Planetary Fortress  
  149  14:48  Supply Depot, Marine  
  149  14:49  Marine  
  151  14:53  Siege Tank x2  
  151  14:54  Marauder  
  165  15:04  Sensor Tower  
  165  15:07  Marauder, Sensor Tower  
  167  15:09  Marine x4  
  167  15:13  Advanced Ballistics  
  171  15:15  Marauder  
  171  15:17  Medivac  
  175  15:37  Marine  
  175  15:38  Marauder, Marine x4  
  175  15:39  Liberator  
  182  15:55  Marine x2  
  182  15:56  Medivac x2  
  191  15:57  Siege Tank  
  191  15:58  Marine x2  
  191  15:59  Marauder x2  
  200  16:29  Command Center  
  162  16:44  SCV x3  
  141  16:52  Liberator x2  
  111  17:07  Orbital Command, Marine x2  
  111  17:08  Marauder x2, Marine x2  
  97  17:25  Marine x2  
  97  17:29  Marauder, Liberator  
  100  17:32  SCV x4  
  100  17:35  Liberator  
  100  17:36  Marine  
  100  17:37  Marauder, Marine  
  105  17:38  Thor x2  
  105  17:43  Marine  
  105  17:44  SCV x3  
  122  17:51  Marauder, Marine  
  130  17:54  Marine  
  134  17:58  Marauder  
  134  18:01  SCV x4  
  140  18:12  Marauder  
  142  18:13  SCV x3  
  142  18:18  Marine x4  
  151  18:20  Marauder  
  147  18:33  Marauder  
  122  18:35  Marine  
  114  18:41  Marauder  
  114  18:46  Marine x2  
  114  18:47  Marine  
  110  18:49  Siege Tank  
  110  18:50  Siege Tank  
  110  18:52  SCV x2  
  110  18:53  Marine  
  110  18:54  Refinery  
  110  18:55  Marauder  
  129  19:03  Marauder  
  129  19:04  Marine  
  129  19:07  Marine  
  129  19:08  Marine  
  124  19:11  Marine  
Show
View Real Time Build Order
Export as new Build Order

yuki Protoss - Winner!

Build Orders:  

Get SALT Encoding   

  12  0:01  Probe  
  13  0:13  Probe  
  14  0:25  Probe, Pylon  
  15  0:42  Probe  
  15  0:44  Gateway  
  16  0:50  Probe, Assimilator  
  17  0:58  Probe  
  18  1:08  Probe  
  19  1:14  Assimilator  
  19  1:16  Probe  
  19  1:24  Probe  
  21  1:35  Cybernetics Core, Probe  
  22  1:47  Probe  
  23  1:54  Pylon  
  23  2:12  Probe  
  23  2:13  Stalker, Nexus  
  26  2:24  Shield Battery, Probe  
  27  2:36  Probe  
  27  2:54  Probe  
  28  3:06  Probe  
  28  3:08  Stalker  
  31  3:17  Twilight Council  
  31  3:19  Gateway  
  31  3:21  Gateway  
  31  3:24  Gateway  
  31  3:25  Probe x2  
  33  3:37  Probe  
  34  3:55  Charge  
  34  4:01  Templar Archives  
  34  4:02  Probe x2  
  34  4:06  Warp Gate  
  34  4:07  Assimilator  
  36  4:10  Probe x2, Assimilator  
  38  4:18  Probe x2  
  38  4:22  Stalker  
  42  4:24  Adept  
  42  4:28  Adept  
  46  4:37  Pylon  
  46  4:50  Psionic Storm  
  46  4:51  Probe  
  46  4:54  High Templar  
  46  4:55  Probe  
  46  5:03  Probe  
  47  5:07  Probe  
  48  5:15  Probe  
  48  5:19  Probe  
  50  5:24  Pylon  
  50  5:25  Probe  
  50  5:28  Pylon  
  51  5:31  Robotics Facility  
  51  5:33  Probe x2  
  52  5:37  Pylon  
  52  5:41  Probe, Pylon  
  53  5:45  Probe  
  55  5:50  Pylon  
  55  5:53  Probe  
  55  5:55  Gateway  
  57  5:57  Probe, Gateway  
  57  6:00  Gateway  
  57  6:11  High Templar x4  
  61  6:13  Observer  
  66  6:30  Immortal  
  66  6:34  Pylon  
  66  6:39  Pylon  
  70  6:47  Zealot x4  
  78  6:58  Zealot x3  
  78  7:00  Immortal  
  84  7:10  High Templar x3  
  84  7:14  High Templar  
  96  7:23  Forge  
  96  7:30  Zealot x3  
  102  7:39  Immortal  
  105  8:00  Nexus  
  105  8:03  Pylon  
  105  8:04  Probe x2  
  107  8:06  Zealot  
  107  8:10  Pylon  
  107  8:11  Pylon  
  107  8:12  Pylon  
  109  8:16  Probe, Pylon  
  109  8:19  Probe  
  103  8:28  Probe  
  103  8:31  Probe  
  95  8:38  Zealot x5  
  95  8:40  Probe  
  106  8:43  Probe  
  103  8:52  Probe  
  103  8:55  Probe  
  97  9:02  Archon  
  87  9:03  Archon x2  
  77  9:14  High Templar  
  77  9:15  High Templar x6  
  79  9:22  Probe x2, Archon  
  79  9:23  Probe, Archon x2  
  75  9:30  Probe x2  
  75  9:31  Probe  
  75  9:39  Probe  
  75  9:40  Probe x2  
  78  9:47  Assimilator, Robotics Facility  
  78  9:50  Gateway  
  78  9:51  Probe  
  78  9:52  Probe x2, Gateway, Assimilator  
  81  9:54  Gateway  
  81  10:03  Probe  
  81  10:04  Probe x2, High Templar  
  81  10:05  High Templar x3  
  91  10:07  Zealot x3  
  97  10:21  Pylon  
  97  10:25  Photon Cannon  
  94  10:35  Archon  
  89  10:36  Archon  
  89  10:42  Zealot x5  
  89  10:43  Zealot x2  
  77  11:08  High Templar x2  
  77  11:09  High Templar x3  
  77  11:10  Zealot x4  
  77  11:11  Zealot  
  97  11:12  Immortal  
  101  11:36  Immortal  
  101  11:39  Nexus  
  105  11:41  Pylon  
  105  11:45  Zealot x3  
  111  11:48  Zealot  
  111  11:52  Immortal  
  110  12:07  Zealot x3  
  110  12:08  Zealot x3  
  119  12:15  Immortal  
  119  12:24  Photon Cannon  
  119  12:25  Zealot  
  119  12:26  Photon Cannon  
  121  12:31  Immortal  
  121  12:35  High Templar  
  121  12:36  High Templar x4  
  133  12:39  High Templar  
  133  12:40  Archon  
  133  12:41  Archon  
  130  12:47  Probe x3  
  133  12:55  Photon Cannon  
  133  12:58  Probe  
  133  12:59  Probe x2  
  133  13:03  Probe  
  136  13:06  Probe  
  136  13:07  Probe  
  136  13:08  Probe  
  136  13:11  Probe  
  140  13:14  Probe  
  140  13:15  Probe  
  140  13:16  Probe  
  140  13:18  Immortal  
  147  13:24  Immortal  
  152  13:29  Pylon  
  152  13:33  High Templar x3  
  158  13:35  High Templar  
  158  13:39  Archon x2  
  160  13:49  Photon Cannon  
  160  13:52  Photon Cannon  
  160  13:53  Shield Battery  
  112  14:15  Zealot x3  
  112  14:16  Zealot x7  
  132  14:18  Immortal, Protoss Ground Weapons Level 1  
  132  14:23  Immortal  
  136  14:33  Forge  
  136  14:38  High Templar  
  136  14:39  High Templar x3  
  136  14:40  Zealot  
  136  14:42  Zealot  
  148  14:48  Immortal  
  148  14:55  Immortal  
  156  15:09  Photon Cannon  
  156  15:11  Photon Cannon  
  156  15:13  Photon Cannon  
  156  15:14  Shield Battery  
  156  15:20  Zealot x4  
  164  15:45  Archon x2  
  164  15:57  Probe x4, Stargate  
  165  16:00  Stargate  
  165  16:01  Assimilator, Stargate  
  165  16:02  Assimilator  
  164  16:09  Probe x2  
  162  16:18  Zealot  
  162  16:19  Zealot x6  
  162  16:20  Zealot x3  
  162  16:23  Immortal  
  186  16:34  Immortal  
  129  17:09  Zealot x9  
  129  17:10  Zealot  
  125  17:32  Void Ray  
  125  17:33  Void Ray x2  
  125  17:36  High Templar  
  139  17:37  High Templar x2  
  139  17:39  Zealot x5  
  139  17:42  High Templar  
  155  17:53  Zealot  
  155  17:56  Immortal  
  161  18:03  Probe  
  161  18:04  Probe  
  163  18:12  Zealot x4  
  167  18:15  Void Ray x2  
  167  18:16  Void Ray  
  125  18:48  Probe x2  
  125  18:49  Probe x2  
  125  18:53  High Templar x2  
  125  18:54  High Templar  
  125  18:55  Zealot x4  
  138  18:56  Zealot x3  
  138  19:00  Probe  
  141  19:20  Zealot x3  
  141  19:21  Zealot x3  
Tags
 
Composition
MMM Bio
Matchup
PvT
Spawn Locations
Cross Positions
Add a new tag
Caveats
  • Supply blocks, unpowered buildings, or Contaminate may cause inaccurate times.
  • Supply counts are checked every 10 seconds.